 Dungeon Crawl Stone Soup version 0.29.1-12-g30fa7ad0bf (webtiles) character file.

Game seed: 12560335609551977569

226 GigaChad the Covered (level 5, -2/47 HPs)
             Began as a Minotaur Fighter on Jan 12, 2023.
             Slain by Duvessa
             ... wielding a +0 short sword
              (12 damage)
             ... on level 4 of the Dungeon.
             The game lasted 00:04:34 (3003 turns).

GigaChad the Covered (Minotaur Fighter)             Turns: 3003, Time: 00:04:35

Health: -2/47      AC:  7    Str: 23    XL:     5   Next: 69%
Magic:  4/4        EV: 12    Int:  8    God:
Gold:   118        SH:  8    Dex:  9    Spells: 4/4 levels left

rFire   + . .      SeeInvis .   r - +2 dagger of Ashenzari's Hope {vorpal, rF+ Int+3}
rCold   . . .      Faith    .   u - +0 kite shield
rNeg    . . .      Spirit   .   b - +0 scale mail
rPois   .          Reflect  .   (helmet restricted)
rElec   .          Harm     .   (no cloak)
rCorr   .          Rampage  .   (no gloves)
Will    .....                   (no boots)
Stlth   ..........              (no amulet)
HPRegen 0.15/turn               q - +4 ring of evasion
MPRegen 0.09/turn               (no ring)

@: no status effects
A: horns 2, retaliatory headbutt
a: no special abilities


You were on level 4 of the Dungeon.
You visited 1 branch of the dungeon, and saw 4 of its levels.

You collected 118 gold pieces.

Inventory:

Hand Weapons
 a - a +1 war axe
 r - the +2 dagger of Ashenzari's Hope (weapon) {vorpal, rF+ Int+3}
   (You found it on level 2 of the Dungeon)

   It inflicts extra damage upon your enemies.
   Int:       It affects your intelligence (+3).
   rF:        It protects you from fire.
Armour
 b - a +0 scale mail (worn)
 c - a +0 buckler
 u - a +0 kite shield (worn)
Jewellery
 q - a +4 ring of evasion (left hand)
 v - an amulet of regeneration
Wands
 p - a wand of flame (8)
Scrolls
 e - a scroll of magic mapping
 j - a scroll of enchant armour {unknown}
 l - a scroll of noise
 m - 2 scrolls of poison
Potions
 d - 2 potions of might
 f - a potion of haste {unknown}
 g - 3 potions of magic
 h - 3 potions of curing {unknown}
 i - 2 potions of heal wounds {unknown}
 k - a potion of cancellation {unknown}
 o - a potion of brilliance {unknown}
 s - a potion of invisibility {unknown}


   Skills:
 + Level 4.6 Fighting
 + Level 1.0 Short Blades
 + Level 4.3 Axes
 + Level 4.8 Armour
 + Level 1.4 Dodging
 + Level 0.6 Stealth
 + Level 4.5 Shields


You had 4 spell levels left.
You didn't know any spells.
Your spell library contained the following spells:

 Spells                   Type           Power      Damage    Failure   Level
 Cause Fear               Hex            0%         N/A       100%        4
 Dragon Form              Tmut           0%         N/A       100%        7
 Dragon's Call            Summ           0%         N/A       100%        9


Dungeon Overview and Level Annotations

Branches:
Dungeon (4/15)
 Temple: D:4-7

Altars:

Shops:
D:1 *   D:3 [

Annotations:
D:4 Duvessa


Innate Abilities, Weirdness & Mutations

You have a pair of horns on your head.
You reflexively headbutt those who attack you in melee.


Message History

You block Duvessa's attack. Dowan barely misses you.
Duvessa hits you but does no damage.
You hit Dowan.
Dowan is moderately wounded.
You block Duvessa's attack. Dowan hits you with a +0 dagger.
Duvessa hits you with a +0 short sword.
You miss Dowan. You headbutt Dowan.
Dowan is heavily wounded.
Dowan misses you. You furiously retaliate!
You headbutt Dowan. You block Duvessa's attack. Dowan misses you.
You closely miss Dowan. Your headbutt misses Dowan.
Dowan is severely wounded.
Duvessa hits you with a +0 short sword. You block Duvessa's attack.
Dowan hits you with a +0 dagger.
You hit Dowan. You headbutt Dowan.
Dowan is almost dead.
Duvessa hits you with a +0 short sword. Duvessa closely misses you.
You furiously retaliate!
You headbutt Duvessa! Dowan hits you with a +0 dagger.
You barely miss Dowan. Your headbutt misses Dowan.
Dowan is almost dead.
Duvessa hits you with a +0 short sword. You block Dowan's attack.
Duvessa closely misses you.
You hit Dowan but do no damage. Your headbutt misses Dowan.
Dowan is almost dead.
Duvessa closely misses you. You block Dowan's attack.
You block Duvessa's attack.
You hit Dowan.
You kill Dowan!
Duvessa weeps, and shakes her weapon.
Duvessa goes berserk!
Duvessa hits you with a +0 short sword.
Your Short Blades skill increases to level 1!
Found a dark potion.
Duvessa hits you with a +0 short sword!
* * * LOW HITPOINT WARNING * * *
Things that are here:
a +0 dagger; a +0 robe; the elf corpse of Dowan
Found a forked glass wand.
You hit Duvessa but do no damage. You headbutt Duvessa!
Duvessa is moderately wounded.
Duvessa barely misses you. Duvessa hits you with a +0 short sword!
You die...

.# ## # ..#..# .#
##.##.###.###
~...........
######...........
##.....##........
#............[...
#...[..)..#.#######.
#.......#..e@.......
##.....####.......!.
##...## ####...$.#
##### /..... ....#
..... .... ####


You could see Duvessa (berserk, fast).

Vanquished Creatures
  Dowan (D:4)
  A jelly (D:2)
  Jessica (D:2)
  Terence (D:2)
  3 adders
  A shadow imp (D:3)
  2 dart slugs
  5 endoplasms
  3 giant cockroaches
  2 goblins (D:1)
  5 hobgoblins
  5 jackals
  4 quokkas
  5 ball pythons
  7 bats
  3 frilled lizards
  5 kobolds
  4 rats
58 creatures vanquished.

Notes
Turn   | Place    | Note
-------+----------+-------------------------------------------
     0 | D:1      | GigaChad the Minotaur Fighter began the quest for the Orb.
     0 | D:1      | Reached XP level 1. HP: 19/19 MP: 0/0
    26 | D:1      | Found a faded altar of an unknown god.
   148 | D:1      | Reached XP level 2. HP: 14/27 MP: 1/1
   754 | D:1      | Found Basy's Assorted Antiques.
  1242 | D:1      | Reached XP level 3. HP: 33/33 MP: 2/2
  1414 | D:2      | Noticed Terence
  1419 | D:2      | Killed Terence
  1431 | D:2      | Noticed Jessica
  1439 | D:2      | Reached XP level 4. HP: 30/40 MP: 3/3
  1443 | D:2      | Killed Jessica
  1863 | D:2      | Identified the +2 dagger of Ashenzari's Hope {vorpal, rF+
                  | Int+3}
  1943 | D:2      | Reached XP level 5. HP: 38/47 MP: 4/4
  2018 | D:2      | Reached skill level 1 in Dodging
  2312 | D:3      | Found Ekhlec's Antique Armour Shoppe.
  2985 | D:4      | Noticed Duvessa
  2986 | D:4      | Noticed Dowan
  3000 | D:4      | Killed Dowan
  3001 | D:4      | Reached skill level 1 in Short Blades
  3003 | D:4      | Slain by Duvessa

Illustrated notes

Levels and vault maps discovered:
D:1:      erik_arrival_orb_chamber, layout_basic, serial_shops,
          nicolae_shop_crystal, basic_ecumenical_altar
D:2:      layout_basic, uniq_terence, uniq_jessica
D:3:      layout_loops_ring, tgw_xom, serial_shops,
          nicolae_shop_overgrown_old_shop
D:4:      layout_rooms, lemuel_crystal_altar, ashenzari_altar_1,
          portal_sewer_entry_d, uniq_edmund, uniq_duvessa

Skill      XL: |  1  2  3  4  5 |
---------------+----------------+-----
Fighting       | 4 |  4.6
Shields        | 4 |  4.5
Axes           | 3 4 |  4.3
Armour         | 4 |  4.8
Dodging        | 1 |  1.4
Short Blades   | 1 |  1.0
Stealth        | |  0.6

Action                   |  1- 3 |  4- 6 || total
-------------------------+-------+-------++-------
Melee: War axe           |    64 |     8 ||    72
       Headbutt          |     8 |     8 ||    16
       Dagger            |       |    60 ||    60
  Use: Scroll            |     2 |     6 ||     8
Armor: Scale mail        |    42 |    32 ||    74
Dodge: Dodged            |    38 |    45 ||    83
Block: Buckler           |    19 |    11 ||    30
       Kite shield       |       |    14 ||    14
